 Dungeon Crawl Stone Soup version 0.26-a0-812-g31a745ddcd (webtiles) character file.

Game seed: 17020454054277669931

2247 HagarQim the Magician (level 9, -1/52 HPs)
             Began as a Deep Elf Fire Elementalist on Nov 8, 2020.
             Was a Believer of Sif Muna.
             Slain by an ogre
             ... wielding a +0 giant club
              (21 damage)
             ... on level 7 of the Dungeon on Nov 13, 2020.
             The game lasted 00:43:19 (8257 turns).

HagarQim the Magician (Deep Elf Fire Elementalist)  Turns: 8257, Time: 00:43:20

Health: -1/52      AC:  9    Str:  6    XL:     9   Next: 15%
Magic:  19/30      EV: 13    Int: 25    God:    Sif Muna [**....]
Gold:   381        SH:  0    Dex: 12    Spells: 17/22 levels left

rFire    + . .     SeeInvis .   w - +1 dagger (freeze)
rCold    x . .     Faith    .   (no shield)
rNeg     . . .     Spirit   .   s - +3 leather armour of Mones {MR+ Int+2 Dex-3 Slay+3}
rPois    .         Reflect  .   (no helmet)
rElec    .         Harm     .   C - +0 cloak
rCorr    .         Rampage  .   (no gloves)
MR       +....                  m - +1 pair of boots
Stlth    +++.......             x - amulet of regeneration
HPRegen  0.57/turn              l - ring of fire
MPRegen  0.22/turn              h - ring of magical power

@: no status effects
A: no striking features
a: Channel Magic, Renounce Religion


You were on level 7 of the Dungeon.
You worshipped Sif Muna.
Sif Muna was pleased with you.
You visited 1 branch of the dungeon, and saw 7 of its levels.

You collected 441 gold pieces.
You spent 60 gold pieces at shops.

Inventory:

Hand Weapons
 i - a +4 quarterstaff of chaos
 n - a +0 hunting sling
 t - a +0 vorpal long sword
 w - a +1 dagger of freezing (weapon)
Missiles
 c - 41 sling bullets
 e - 344 stones (quivered)
 r - 35 bolts
 u - 15 poisoned darts
Armour
 a - a +1 robe
 m - a +1 pair of boots (worn)
 s - the +3 leather armour of Mones (worn) {MR+ Int+2 Dex-3 Slay+3}
   (You found it on level 4 of the Dungeon)

   It affects your intelligence (+2).
   It affects your dexterity (-3).
   It affects your accuracy and damage with ranged weapons and melee attacks
   (+3).
   It affects your resistance to hostile enchantments.
 C - a +0 cloak (worn)
Magical Staves
 B - an uncursed staff of air
Jewellery
 f - an uncursed ring of teleportation
 h - a ring of magical power (right hand)
 l - a ring of fire (left hand)
 x - an amulet of regeneration (around neck)
Wands
 k - a wand of disintegration (15)
 A - a wand of paralysis (8)
Scrolls
 o - 3 scrolls of remove curse
 q - 2 scrolls of teleportation
 v - 5 scrolls of identify
Potions
 d - a potion of degeneration {unknown}
 g - 2 potions of curing
 j - a potion of haste
 p - a potion of lignification
 z - a potion of berserk rage {unknown}


   Skills:
 + Level 4.0 Fighting
 + Level 1.6(3.3) Short Blades
 + Level 4.0(4.2) Long Blades
 + Level 2.4 Armour
 + Level 4.3 Dodging
 + Level 5.1 Stealth
 + Level 7.0 Spellcasting
 + Level 4.3 Conjurations
 + Level 6.2 Fire Magic


You had 17 spell levels left.
You knew the following spells:

 Your Spells              Type           Power        Failure   Level
a - Foxfire               Conj/Fire      ####         1%          1
b - Sticky Flame          Conj/Fire      ######..     12%         4

Your spell library contained the following spells:

 Spells                   Type           Power        Failure   Level
 Conjure Flame            Conj/Fire      ######..     3%          3
 Inner Flame              Hex/Fire       #####...     9%          3
 Animate Skeleton         Necr           #.....       10%         1
 Apportation              Tloc           #.....       10%         1
 Corona                   Hex            #......      10%         1
 Summon Small Mammal      Summ           #...         10%         1
 Fireball                 Conj/Fire      ######....   32%         5


Dungeon Overview and Level Annotations

Branches:
Dungeon (7/15)             Temple (0/1) D:4

Altars:
Ashenzari
Elyvilon
Fedhas
Hepliaklqana
Nemelex Xobeh
Sif Muna
Trog
Uskayaw
Xom
Yredelemnul
The Shining One

Shops:
D:6 !


Message History

You feel a surge of power!
You conjure some foxfire!
The worker ant bites you.
The foxfire hits the worker ant.
You kill the worker ant!
Sif Muna accepts your kill.
Things that are here:
a jackal corpse; a big kobold corpse
Casting: Foxfire (safe; 1% risk of failure)
Confirm with . or Enter, or press ? or * to list all spells.
You feel a surge of power!
You conjure some foxfire!
Your foxfire dissipates!
The foxfire hits the ogre.
The ogre is severely wounded.
You hit the ogre. You freeze the ogre.
The ogre is almost dead.
A bullfrog comes into view.
Casting: Foxfire (safe; 1% risk of failure)
Confirm with . or Enter, or press ? or * to list all spells.
You feel a surge of power!
You conjure some foxfire!
The ogre hits you with a +0 giant club!!
You die...

.......<.......
......
#.###+#..†.....
.....
......+.......)
....
#.###.#.......# ...
#.##........... #
.. #.##.##########
'###'#.###.##.....#
..F...vv§......##.#
......#@##.###.#
.§..§§:Ov......#
..§§[..#†#.#####
.......#)..#
.......##..#
....... #..#
....... #..#
######. ##.# #+ #'#


You could see an ogre and a bullfrog.

Vanquished Creatures
  Grinder (D:5)
  2 ice beasts (D:6)
  A sky beast (D:6)
  An orc warrior (D:6)
  2 ogres (D:7)
  2 phantoms
  2 centaurs
  Blork the orc (D:6)
  A big kobold (D:7)
  A bullfrog (D:6)
  A scorpion (D:4)
  3 howler monkeys
  A quasit (D:6)
  3 hounds
  Crazy Yiuf (D:6)
  An orc priest (D:6)
  2 jellies
  2 orc wizards
  6 worker ants
  Terence (D:2)
  2 iguanas (D:6)
  A howler monkey zombie (D:6)
  8 gnolls
  5 adders
  A white imp (D:6)
  2 ufetubi (D:5)
  An ooze (D:1)
  An adder skeleton (D:7)
  4 worms
  3 dart slugs
  6 leopard geckos
  21 orcs
  3 ball pythons
  7 giant cockroaches
  6 goblins
  10 hobgoblins
  10 jackals
  5 kobolds
  3 quokkas
  8 bats
  5 frilled lizards
  5 rats
152 creatures vanquished.

Vanquished Creatures (collateral kills)
  2 foxfires (D:1)
2 creatures vanquished.

Vanquished Creatures (others)
  455 foxfires
  10 plants (D:1)
465 creatures vanquished.

Grand Total: 619 creatures vanquished

Notes
Turn   | Place    | Note
-------+----------+-------------------------------------------
     0 | D:1      | HagarQim the Deep Elf Fire Elementalist began the quest for
                  | the Orb.
     0 | D:1      | Reached XP level 1. HP: 10/10 MP: 6/6
   203 | D:1      | Reached XP level 2. HP: 15/15 MP: 6/8
   761 | D:1      | Reached XP level 3. HP: 20/20 MP: 7/10
  1581 | D:2      | Noticed Terence
  1598 | D:2      | Killed Terence
  1598 | D:2      | Reached skill level 1 in Fighting
  1598 | D:2      | Reached skill level 4 in Spellcasting
  1598 | D:2      | Reached XP level 4. HP: 18/25 MP: 1/12
  1828 | D:2      | Found a blossoming altar of Fedhas.
  2309 | D:2      | Found a shimmering blue altar of Sif Muna.
  2329 | D:2      | Became a worshipper of Sif Muna the Loreminder
  2540 | D:2      | Found a bloodstained altar of Trog.
  2787 | D:3      | Reached XP level 5. HP: 29/29 MP: 9/13
  3166 | D:3      | Found a broken altar of Ashenzari.
  3760 | D:4      | Found a hide-covered altar of Uskayaw.
  3764 | D:4      | Found a glowing golden altar of the Shining One.
  3822 | D:4      | Found a shimmering altar of Xom.
  3822 | D:4      | Found a hazy altar of Hepliaklqana.
  3827 | D:4      | Found a bloodstained altar of Trog.
  3829 | D:4      | Found a white marble altar of Elyvilon.
  3831 | D:4      | Found a basalt altar of Yredelemnul.
  4405 | D:4      | Got a polished leather armour
  4416 | D:4      | Identified the +3 leather armour of Mones {MR+ Int+2 Dex-3
                  | Slay+3} (You found it on level 4 of the Dungeon)
  4609 | D:4      | Reached skill level 1 in Short Blades
  4609 | D:4      | Reached XP level 6. HP: 35/35 MP: 13/15
  4728 | D:4      | Found a staircase to the Ecumenical Temple.
  4911 | D:5      | Entered Level 5 of the Dungeon
  5130 | D:5      | Noticed Grinder
  5142 | D:5      | Killed Grinder
  5142 | D:5      | Reached skill level 1 in Long Blades
  5142 | D:5      | Reached skill level 5 in Spellcasting
  5142 | D:5      | Reached XP level 7. HP: 14/40 MP: 11/16
  5144 | D:5      | Reached * piety under Sif Muna
  5952 | D:5      | Reached skill level 1 in Armour
  6068 | D:5      | Reached skill level 5 in Fire Magic
  6741 | D:6      | Reached XP level 8. HP: 46/46 MP: 18/18
  6770 | D:6      | Noticed Blork the orc
  7026 | D:6      | Found a sparkling altar of Nemelex Xobeh.
  7039 | D:6      | Reached skill level 6 in Spellcasting
  7046 | D:6      | Killed Blork the orc
  7095 | D:6      | Learned a level 4 spell: Sticky Flame
  7374 | D:6      | Found Komy's Distillery.
  7477 | D:6      | Upgraded the game from 0.26-a0-771-g060e6a62af to
                  | 0.26-a0-812-g31a745ddcd
  7477 | D:6      | Bought a potion of heal wounds for 60 gold pieces
  7925 | D:6      | Found a runed translucent door.
  7926 | D:6      | Noticed Crazy Yiuf
  7935 | D:6      | Killed Crazy Yiuf
  8107 | D:7      | Reached skill level 5 in Stealth
  8125 | D:7      | Reached ** piety under Sif Muna
  8125 | D:7      | Reached XP level 9. HP: 31/52 MP: 21/21
  8234 | D:7      | Reached skill level 7 in Spellcasting
  8240 | D:7      | HP: 2/52 [ogre/+0 giant club (20)]
  8257 | D:7      | Slain by an ogre

Illustrated notes

Levels and vault maps discovered:
D:1:      roderic_crop_circles_arrival_small, layout_loops_ring,
          minmay_misc_feat_ornament, minmay_quantized
D:2:      layout_rooms, nicolae_overflow_crystal_walls, old_standard_altar,
          trog_butcher_becter, uniq_terence
D:3:      layout_loops_corners, minmay_fountain_box, corexii_leaking_fountain,
          grunt_ministairs_13, nicolae_ashenzari_panopticon
D:4:      layout_loops_ring, chequers_temple_overflow_minitemple,
          chequers_temple_overflow_statue_of_worship, lemuel_temple_firewalk_b
D:5:      layout_loops_ring, water_boxes_lemuel, uniq_grinder
D:6:      layout_loops_corners, lemuel_crystal_altar, serial_shops,
          kennysheep_little_box, minmay_misc_feat_secret_circle,
          uniq_crazy_yiuf_cottage, uniq_blork_the_orc
D:7:      layout_basic, lemuel_doored_altar

Skill      XL: |  1  2  3  4  5  6  7  8  9 |
---------------+----------------------------+-----
Fire Magic     | 4 5 6 |  6.2
Fighting       | 1 2 3 4 |  4.0
Spellcasting   | 4 5 6 7 |  7.0
Stealth        | 3 4 5 |  5.1
Conjurations   | 2 3 4 |  4.3
Dodging        | 3 4 |  4.3
Short Blades   | 1 |  1.6
Long Blades    | 1 3 4 |  4.0
Armour         | 1 2 |  2.4

Action                   |  1- 3 |  4- 6 |  7- 9 || total
-------------------------+-------+-------+-------++-------
Melee: Club              |    14 |       |       ||    14
       Dagger            |    17 |    22 |    50 ||    89
       Long sword        |       |    10 |    52 ||    62
 Cast: Foxfire           |    57 |    93 |   124 ||   274
       Sticky Flame      |       |       |     1 ||     1
Evoke: Wand              |       |       |     1 ||     1
  Use: Potion            |     2 |       |    11 ||    13
       Scroll            |       |     9 |     4 ||    13
 Stab: Sleeping          |     2 |    10 |     2 ||    14
Armor: Robe              |     6 |    10 |       ||    16
       Leather armour    |       |     4 |    54 ||    58
Dodge: Dodged            |    49 |    32 |    95 ||   176
       Rpst.: Long sword |       |     2 |    20 ||    22

Table legend: (Time is in decaauts)
 A = Elapsed time spent in this place.
 B = Non-inter-level travel time spent in this place.
 C = Inter-level travel time spent in this place.
 D = Time resting spent in this place.
 E = Time spent auto-exploring this place.
 F = Levels seen in this place.
 G = Mean time per level.
                   A        B        C        D        E       F      G
               +--------+--------+--------+--------+--------+-----+--------+
         Total |   8265 |   8039 |    226 |   2978 |   3658 |   7 | 1180.7 |
       Dungeon |   8265 |   8039 |    226 |   2978 |   3658 |   7 | 1180.7 |
               +--------+--------+--------+--------+--------+-----+--------+

Top non-repeatable levels by time:
     D:5: 1618 daAuts
     D:1: 1582 daAuts
     D:6: 1580 daAuts
     D:4: 1159 daAuts
     D:3: 1106 daAuts
     D:2: 1064 daAuts
     D:7: 153 daAuts
